 Dungeon Crawl Stone Soup version 0.30-b1-2-g02819fbbbe (webtiles) character file.

Game seed: 5489664187298525654

18992 MisterFreud the Fighter (level 12, -8/100 HPs)
             Began as a Gnoll Wanderer on Aug 24, 2023.
             Was a Follower of Yredelemnul.
             Mangled by a bog body (22 damage)
             ... on level 2 of the Lair of Beasts.
             The game lasted 00:19:51 (14439 turns).

MisterFreud the Fighter (Gnoll Wanderer)           Turns: 14439, Time: 00:19:52

Health: -8/100     AC: 20    Str: 18    XL:     12   Next: 64%
Magic:  23/23      EV: 12    Int: 12    God:    Yredelemnul [*.....]
Gold:   753        SH:  0    Dex: 10    Spells: 26/26 levels left

rFire   . . .        w - +3 morningstar
rCold   . . .        (no shield)
rNeg    . . .        b - +2 scale mail
rPois   .            p - +2 helmet
rElec   .            (no cloak)
rCorr   .            k - +1 pair of gloves
SInv    .            (no boots)
Will    .....        L - amulet of regeneration
Stlth   ++           e - +4 ring of slaying
HPRegen 1.16/turn    C - +4 ring of protection
MPRegen 0.18/turn

%: no passive effects
@: slowed, very slow
A: fangs 1, strong nose, distributed training
a: Renounce Religion, Recall Undead Harvest


You were on level 2 of the Lair of Beasts.
You worshipped Yredelemnul.
Yredelemnul was aware of your devotion.
You visited 2 branches of the dungeon, and saw 13 of its levels.
You also visited: Sewer.

You collected 843 gold pieces.
You spent 90 gold pieces at shops.

Inventory:

Hand Weapons
 a - a +2 hand axe of flaming
 w - a +3 morningstar (weapon)
Missiles
 j - 21 poisoned darts (quivered)
 n - 2 throwing nets
 t - 2 boomerangs
 v - 2 silver boomerangs
 K - 2 curare-tipped darts
Armour
 b - a +2 scale mail (worn)
 k - a +1 pair of gloves (worn)
 p - a +2 helmet (worn)
Jewellery
 e - a +4 ring of slaying (left hand)
 g - an amulet of magic regeneration
 u - an amulet of reflection
 y - a ring of wizardry
 C - a +4 ring of protection (right hand)
 D - a ring of resist corrosion
 I - a ring of positive energy
 L - an amulet of regeneration (around neck)
 O - a ring of protection from cold
Wands
 z - a wand of paralysis (7)
 E - a wand of mindburst (17)
 H - a wand of flame (18)
 J - a wand of polymorph (2)
 M - a wand of roots (4)
Scrolls
 f - 10 scrolls of teleportation
 h - 5 scrolls of enchant weapon
 r - 2 scrolls of amnesia
 s - 2 scrolls of poison
 x - 3 scrolls of vulnerability
 G - 3 scrolls of magic mapping
 N - a scroll of blinking
Potions
 c - 2 potions of attraction
 d - 2 potions of lignification
 i - 2 potions of flight
 l - 8 potions of curing
 m - 3 potions of mutation
 o - a potion of haste
 q - a potion of magic
 A - 3 potions of cancellation
 B - a potion of invisibility {unknown}
 F - 2 potions of brilliance
 P - a potion of heal wounds


   Skills:
 + Level 11.5 Fighting
 + Level 7.7 Short Blades
 + Level 7.7 Long Blades
 + Level 8.2 Axes
 + Level 7.7 Maces & Flails
 + Level 7.7 Polearms
 + Level 7.7 Staves
 + Level 7.7 Ranged Weapons
 + Level 7.7 Throwing
 + Level 9.1 Armour
 + Level 7.7 Dodging
 + Level 8.9 Stealth
 + Level 7.7 Shields
 + Level 7.7 Unarmed Combat
 + Level 7.7 Spellcasting
 + Level 6.4 Conjurations
 + Level 6.4 Hexes
 + Level 6.4 Summonings
 + Level 6.4 Necromancy
 + Level 6.4 Translocations
 + Level 6.4 Transmutations
 + Level 6.4 Fire Magic
 + Level 6.4 Ice Magic
 + Level 6.4 Air Magic
 + Level 6.4 Earth Magic
 + Level 6.4 Poison Magic
 + Level 8.9 Invocations
 + Level 7.7 Evocations


You had 26 spell levels left.
You didn't know any spells.
Your spell library contained the following spells:

 Spells                   Type           Power      Damage    Failure   Level
 Magic Dart               Conj           80%        1d7       2%          1
 Summon Small Mammal      Summ           80%        N/A       2%          1
 Blink                    Tloc           40%        N/A       4%          2
 Call Imp                 Summ           40%        N/A       4%          2
 Lesser Beckoning         Tloc           40%        N/A       4%          2
 Call Canine Familiar     Summ           20%        N/A       9%          3
 Gell's Gravitas          Tloc           20%        N/A       9%          3
 Ignite Poison            Fire/Tmut/Pois 20%        N/A       9%          3
 Mephitic Cloud           Conj/Pois/Air  20%        N/A       9%          3
 Summon Guardian Golem    Hex/Summ       20%        N/A       9%          3
 Teleport Other           Tloc           20%        N/A       9%          3
 Manifold Assault         Tloc           20%        N/A       28%         4
 Passage of Golubria      Tloc           20%        N/A       28%         4
 Sticky Flame             Conj/Fire      20%        2d4       28%         4
 Iskenderun's Battlesphe  Conj           20%        2d7       61%         5
 Silence                  Hex/Air        10%        N/A       61%         5
 Iron Shot                Conj/Erth      10%        9d3       99%         6
 Spellforged Servitor     Conj/Summ      10%        N/A       100%        7
 Storm Form               Tmut/Air       10%        N/A       100%        7
 Ignition                 Fire           10%        3d5       100%        8
 Lehudib's Crystal Spear  Conj/Erth      10%        10d4      100%        8


Dungeon Overview and Level Annotations

Branches:
Dungeon (11/15)            Temple (0/1) D:4            Lair (2/5) D:8
    Orc (0/2) D:10          Sewer (visited)
  Swamp: Lair:2-3    Shoals: Lair:2-3     Snake: Lair:2-3    Spider: Lair:2-3

Altars:
Dithmenos
Fedhas
Makhleb
Trog
Yredelemnul
Zin

Shops:
D:5 =   D:10 *

Annotations:
D:5 1 runed translucent door, Farlane's ghost, novice HOMo


Innate Abilities, Weirdness & Mutations

You have very sharp teeth.
Your uncanny sense of smell can sniff out nearby items.
Your experience applies equally to all skills.


Message History

The bog body touches you. The bog body freezes you!!
You sock the bog body! You bite the bog body.
The bog body is almost destroyed.
Your water moccasin zombie barely misses the bog body.
The bog body barely misses you.
Your steam dragon zombie bites the bog body.
Your steam dragon zombie barely misses the bog body.
Your water moccasin zombie bites the bog body.
The bog body is destroyed!
A bog body comes into view.
Unknown command.
A bog body is nearby!
The bog body points at you and mumbles some strange words.
You feel as though you will be slow longer.
The bog body points at you and mumbles some strange words.
The bolt of cold hits you!!
You swap places.
The bog body points at you and mumbles some strange words.
The bolt of cold hits you!
There is a fountain of clear blue water here.
You are too injured to fight recklessly!
You are too injured to fight recklessly!
You are too injured to fight recklessly!
The bog body touches you but does no damage.
Your water moccasin zombie is engulfed in freezing vapours.
Your steam dragon zombie barely misses the bog body. x2
Unknown command.
You closely miss the bog body.
The bog body touches you but does no damage.
The bog body touches you! The bog body freezes you!!
* * * LOW HITPOINT WARNING * * *
Your steam dragon zombie bites the bog body!
Your steam dragon zombie claws the bog body.
You hit the bog body.
The bog body is heavily damaged.
The bog body touches you.
* * * LOW HITPOINT WARNING * * *
The bog body freezes you!!
You die...
Your body rises from the dead as a mindless zombie.

♣............. ∆ ♣~
~♣♣.......####.. ♣≈
≈♣.##.....## ##. ♣~♣
≈♣.##P...<.# #. ♣≈. ~
..##.....####. ..
~.♣~♣.##.....###...
....♣♣..♣♣..#...... ##P.
.....♣.n♣..##P..... #..
.....♣Z@♣.........## #..
#..⌠Z..........# ##.
#.........#.#..# ##. ..
##......#.# #.. ...
#.P....### ##..
...####.#......##. ##P..
......#...............##....
.........#.##.#.##..#..#....
..........#...### ##.......


You could see a bog body (ally target), a friendly water moccasin zombie and a
friendly steam dragon zombie.

Vanquished Creatures
  Snorg (D:10)
  A death yak (D:7)
  5 two-headed ogres
  Pikel (D:6)
  A cane toad (Lair:1)
  An unseen horror (D:11)
  2 trolls (D:10)
  4 blink frogs (Lair:1)
  A wraith (D:9)
  27 yaks
  A wyvern (D:9)
  Eustachio (D:6)
  A steam dragon (Lair:2)
  3 basilisks
  2 wargs (D:10)
  An acid dragon (D:9)
  6 water moccasins
  A sky beast (D:7)
  3 orc warriors
  A black bear (D:7)
  2 ice beasts
  2 ogres
  A centaur (D:10)
  A wolf (Lair:1)
  A phantom (D:4)
  A kobold brigand (D:8)
  3 bullfrogs
  3 scorpions
  8 wights
  5 killer bees
  5 howler monkeys
  A hound (D:7)
  4 jellies
  5 orc priests
  A sleepcap (D:6)
  A gnoll bouda (D:9)
  An iguana (D:5)
  Ijyb (D:4)
  5 orc wizards
  A hell rat (D:8)
  Robin (D:4)
  5 gnolls (D:9)
  8 adders
  2 river rats
  2 white imps
  An ufetubus (D:7)
  2 worms (D:5)
  2 dart slugs
  25 orcs
  A bat (D:3)
  6 endoplasms
  10 giant cockroaches
  10 goblins
  3 hobgoblins
  15 kobolds
  15 quokkas
  9 ball pythons
  9 frilled lizards
  3 rats
245 creatures vanquished.

Vanquished Creatures (collateral kills)
  A two-headed ogre (D:11)
  A bog body (Lair:2)
  A komodo dragon (D:11)
  A troll (D:10)
  A vampire (D:11)
  A wraith (D:11)
  3 yaks
  A basilisk (Lair:1)
  A steam dragon (D:5)
  An acid dragon (D:10)
  A water moccasin (Lair:1)
  An ice beast (D:8)
  An orc warrior (D:10)
  3 wolves (Lair:1)
  A centaur (D:11)
  A kobold brigand (D:10)
  4 bullfrogs
  2 killer bees (D:10)
  An orc priest (D:10)
  A hell rat (D:8)
  2 orcs (D:8)
  An endoplasm (D:3)
  2 giant cockroaches (Sewer)
  2 goblins (D:8)
  3 quokkas
  A ball python (Sewer)
  4 frilled lizards (Sewer)
43 creatures vanquished.

Vanquished Creatures (others)
  An unseen horror zombie (D:11)
  2 water moccasin zombies
  A warg zombie (D:10)
  2 yak zombies
  2 bullfrog zombies (Lair:1)
  A basilisk zombie (Lair:1)
  A centaur zombie (D:11)
  A howler monkey zombie (D:8)
  10 orc zombies
  A worm zombie (D:5)
  A river rat zombie (D:8)
  2 frilled lizard zombies (Sewer)
  3 gnoll zombies (D:9)
  5 goblin zombies
  A hobgoblin zombie (D:4)
  5 kobold zombies
  2 quokka zombies
  A rat zombie (D:8)
  36 plants
78 creatures vanquished.

Grand Total: 366 creatures vanquished

Notes
Turn   | Place    | Note
-------+----------+-------------------------------------------
     0 | D:1      | MisterFreud the Gnoll Wanderer began the quest for the Orb.
     0 | D:1      | MisterFreud set off with the following items: a +1 hand
                  | axe, a +2 scale mail, a potion of attraction.
     0 | D:1      | Reached XP level 1. HP: 26/26 MP: 2/2
   606 | D:1      | Reached XP level 2. HP: 33/33 MP: 3/3
  1297 | D:2      | Found a faded altar of an unknown god.
  1996 | D:3      | Reached XP level 3. HP: 35/38 MP: 4/4
  2023 | D:3      | Found a blossoming altar of Fedhas.
  2027 | D:3      | Found a glowing silver altar of Zin.
  2028 | D:3      | Found a basalt altar of Yredelemnul.
  2029 | D:3      | Found a shadowy altar of Dithmenos.
  2031 | D:3      | Found a burning altar of Makhleb.
  2061 | D:3      | Became a worshipper of Yredelemnul the Dark
  2204 | D:3      | Reached * piety under Yredelemnul
  2412 | D:3      | Reached skill level 1 in Short Blades
  2412 | D:3      | Reached skill level 1 in Long Blades
  2412 | D:3      | Reached skill level 1 in Maces & Flails
  2412 | D:3      | Reached skill level 1 in Polearms
  2412 | D:3      | Reached skill level 1 in Staves
  2412 | D:3      | Reached skill level 1 in Ranged Weapons
  2412 | D:3      | Reached skill level 1 in Throwing
  2412 | D:3      | Reached skill level 1 in Dodging
  2412 | D:3      | Reached skill level 1 in Shields
  2412 | D:3      | Reached skill level 1 in Unarmed Combat
  2412 | D:3      | Reached skill level 1 in Spellcasting
  2412 | D:3      | Reached skill level 1 in Evocations
  2636 | D:4      | Noticed Ijyb
  2636 | D:4      | Noticed Robin
  2640 | D:4      | Reached XP level 4. HP: 45/45 MP: 6/6
  2651 | D:4      | Paralysed by Ijyb for 3 turns
  2843 | D:4      | Found a staircase to the Ecumenical Temple.
  2853 | D:4      | Paralysed by Ijyb for 4 turns
  2876 | D:4      | Killed Ijyb
  2877 | D:4      | Reached skill level 1 in Conjurations
  2877 | D:4      | Reached skill level 1 in Hexes
  2877 | D:4      | Reached skill level 1 in Summonings
  2877 | D:4      | Reached skill level 1 in Necromancy
  2877 | D:4      | Reached skill level 1 in Translocations
  2877 | D:4      | Reached skill level 1 in Transmutations
  2877 | D:4      | Reached skill level 1 in Fire Magic
  2877 | D:4      | Reached skill level 1 in Ice Magic
  2877 | D:4      | Reached skill level 1 in Air Magic
  2877 | D:4      | Reached skill level 1 in Earth Magic
  2877 | D:4      | Reached skill level 1 in Poison Magic
  2894 | D:4      | Killed Robin
  3049 | D:4      | Reached XP level 5. HP: 46/51 MP: 7/7
  3249 | D:4      | Noticed a phantom
  3257 | D:4      | Killed a phantom
  3258 | D:4      | Reached XP level 6. HP: 56/57 MP: 8/8
  3649 | D:5      | Entered Level 5 of the Dungeon
  3864 | D:5      | Found a glowing drain.
  3868 | Sewer    | Entered a sewer
  3929 | Sewer    | Reached skill level 5 in Armour
  4039 | Sewer    | Reached ** piety under Yredelemnul
  4443 | D:5      | Found Warueduutt's Jewellery Shop.
  4492 | D:5      | Reached XP level 7. HP: 56/63 MP: 10/10
  4644 | D:5      | Noticed a steam dragon
  4655 | D:5      | Killed a steam dragon
  4656 | D:5      | Reached skill level 9 in Fighting
  4656 | D:5      | Reached skill level 5 in Stealth
  4722 | D:5      | Found a runed translucent door.
  4722 | D:5      | Noticed Farlane's ghost (novice HOMo)
  5173 | D:6      | Reached XP level 8. HP: 71/71 MP: 12/12
  5335 | D:6      | Noticed Eustachio
  5343 | D:6      | Killed Eustachio
  5754 | D:6      | Noticed Pikel
  5769 | D:6      | Killed Pikel
  5770 | D:6      | Reached skill level 5 in Invocations
  5998 | D:6      | Identified the +0 ring mail of Indemnity {Regen+ Int+3
                  | Dex+3}
  6050 | D:6      | Reached XP level 9. HP: 74/77 MP: 14/14
  6512 | D:7      | Reached skill level 5 in Axes
  7408 | D:8      | Noticed a death yak
  7413 | D:8      | Noticed a death yak
  7417 | D:8      | Found a staircase to the Lair.
  7418 | D:8      | Noticed a death yak
  7817 | D:8      | Noticed a two-headed ogre
  8121 | D:8      | Reached skill level 5 in Short Blades
  8121 | D:8      | Reached skill level 5 in Long Blades
  8121 | D:8      | Reached skill level 5 in Maces & Flails
  8121 | D:8      | Reached skill level 5 in Polearms
  8121 | D:8      | Reached skill level 5 in Staves
  8121 | D:8      | Reached skill level 5 in Ranged Weapons
  8121 | D:8      | Reached skill level 5 in Throwing
  8121 | D:8      | Reached skill level 5 in Dodging
  8121 | D:8      | Reached skill level 5 in Shields
  8121 | D:8      | Reached skill level 5 in Unarmed Combat
  8121 | D:8      | Reached skill level 5 in Spellcasting
  8121 | D:8      | Reached skill level 5 in Evocations
  8121 | D:8      | Reached XP level 10. HP: 75/85 MP: 17/17
  8312 | D:7      | Killed a death yak
  8313 | D:7      | Reached skill level 10 in Fighting
 10465 | D:10     | Entered Level 10 of the Dungeon
 10648 | D:10     | Found Ocoaf's General Store.
 10773 | D:10     | Bought a scroll of teleportation for 45 gold pieces
 10773 | D:10     | Bought a scroll of teleportation for 45 gold pieces
 10880 | D:10     | Noticed a two-headed ogre
 10881 | D:10     | Noticed Snorg
 10892 | D:10     | Killed a two-headed ogre
 11114 | D:10     | Killed Snorg
 11115 | D:10     | Reached skill level 5 in Conjurations
 11115 | D:10     | Reached skill level 5 in Hexes
 11115 | D:10     | Reached skill level 5 in Summonings
 11115 | D:10     | Reached skill level 5 in Necromancy
 11115 | D:10     | Reached skill level 5 in Translocations
 11115 | D:10     | Reached skill level 5 in Transmutations
 11115 | D:10     | Reached skill level 5 in Fire Magic
 11115 | D:10     | Reached skill level 5 in Ice Magic
 11115 | D:10     | Reached skill level 5 in Air Magic
 11115 | D:10     | Reached skill level 5 in Earth Magic
 11115 | D:10     | Reached skill level 5 in Poison Magic
 11115 | D:10     | Reached XP level 11. HP: 63/92 MP: 20/20
 11880 | D:10     | Found a staircase to the Orcish Mines.
 11936 | D:10     | Reached *** piety under Yredelemnul
 11974 | D:10     | Noticed a two-headed ogre
 11980 | D:10     | Killed a two-headed ogre
 12206 | D:11     | Noticed a two-headed ogre
 12214 | D:11     | Killed a two-headed ogre
 12316 | D:11     | Noticed a two-headed ogre
 12336 | D:11     | Killed a two-headed ogre
 12433 | D:11     | Noticed a two-headed ogre
 12440 | D:11     | Killed a two-headed ogre
 12441 | D:11     | Reached skill level 11 in Fighting
 12635 | D:11     | Noticed a two-headed ogre
 12644 | D:11     | Killed a two-headed ogre
 12645 | D:11     | Reached XP level 12. HP: 88/100 MP: 22/22
 13202 | Lair:1   | Entered Level 1 of the Lair of Beasts
 13511 | Lair:1   | Found a bloodstained altar of Trog.
 13628 | Lair:1   | Reached **** piety under Yredelemnul
 13758 | Lair:1   | Identified the +5 quarterstaff "Kywof" {holy, Stlth+}
 13954 | Lair:1   | Reached ***** piety under Yredelemnul
 14439 | Lair:2   | Mangled by a bog body

Illustrated notes

Levels and vault maps discovered:
D:1:      ncdulo_smallfort, layout_loops_corners
D:2:      layout_basic, shapermc_ecumenical_altar_notcrosses
D:3:      layout_basic, grunt_temple_overflow_open, chequers_big_river
D:4:      layout_loops_cross, minmay_temple_entry_offerings,
          chequers_mini_garden, nicolae_hexahallways, nicolae_goblin_pals
D:5:      layout_loops_ring, gup_sewer_entry_spiral, gammafunk_ghost_grave,
          serial_shops, shop, moated_statue, dreamdust_wishing_well,
          patterned_corridor
D:6:      layout_basic, uniq_pikel, uniq_eustachio
D:7:      layout_loops_ring
D:8:      layout_basic, dpeg_lair_monsters, enter_bailey_3, kennysheep_boxes
D:9:      layout_basic
D:10:     layout_loops_ring, david_orc_1_choice, serial_shops,
          nicolae_stop_n_shop_1, uniq_snorg
D:11:     layout_loops_ring
Lair:1:   layout_cave_pods, basic_altar, beast_lair_carwin_2
Lair:2:   layout_gridlike, nicolae_swamp_entry_splash_gauntlet,
          minmay_snake_entry_guardpost_small, gammafunk_ghost_grave,
          minmay_holes

Skill      XL: |  1  2  3  4  5  6  7  8  9 10 11 12 |
---------------+-------------------------------------+-----
Short Blades   | 1 2 3 5 6 7 |  7.7
Long Blades    | 1 2 3 5 6 7 |  7.7
Maces & Flails | 1 2 3 5 6 7 |  7.7
Polearms       | 1 2 3 5 6 7 |  7.7
Staves         | 1 2 3 5 6 7 |  7.7
Ranged Weapons | 1 2 3 5 6 7 |  7.7
Throwing       | 1 2 3 5 6 7 |  7.7
Dodging        | 1 2 3 5 6 7 |  7.7
Shields        | 1 2 3 5 6 7 |  7.7
Unarmed Combat | 1 2 3 5 6 7 |  7.7
Spellcasting   | 1 2 3 5 6 7 |  7.7
Evocations     | 1 2 3 5 6 7 |  7.7
Conjurations   | 1 2 3 4 5 6 |  6.4
Hexes          | 1 2 3 4 5 6 |  6.4
Summonings     | 1 2 3 4 5 6 |  6.4
Necromancy     | 1 2 3 4 5 6 |  6.4
Translocations | 1 2 3 4 5 6 |  6.4
Transmutations | 1 2 3 4 5 6 |  6.4
Fire Magic     | 1 2 3 4 5 6 |  6.4
Ice Magic      | 1 2 3 4 5 6 |  6.4
Air Magic      | 1 2 3 4 5 6 |  6.4
Earth Magic    | 1 2 3 4 5 6 |  6.4
Poison Magic   | 1 2 3 4 5 6 |  6.4
Invocations    | 3 4 5 6 7 8 |  8.9
Axes           | 3 4 5 6 7 8 |  8.2
Armour         | 5 6 7 8 9 |  9.1
Fighting       | 9 10 11 | 11.5
Stealth        | 5 6 7 8 |  8.9

Action                     |  1- 3 |  4- 6 |  7- 9 | 10-12 || total
---------------------------+-------+-------+-------+-------++-------
  Melee: Hand axe          |    85 |   174 |   220 |       ||   479
         Bite              |     9 |     7 |    27 |    60 ||   103
         Punch             |       |     3 |     2 |    17 ||    22
         Morningstar       |       |       |    13 |   434 ||   447
  Evoke: Wand              |       |       |     1 |     9 ||    10
    Use: Scroll            |    10 |     2 |     7 |     8 ||    27
         Potion            |       |     1 |       |     3 ||     4
   Stab: Sleeping          |       |     1 |     2 |     3 ||     6
         Paralysed         |       |       |       |     5 ||     5
         Distracted        |       |       |       |     3 ||     3
 Armour: Scale mail        |    48 |    74 |    94 |   243 ||   459
         Skin              |       |    40 |       |    30 ||    70
  Dodge: Dodged            |    30 |    89 |   115 |   244 ||   478
  Block: Other             |       |       |    41 |    52 ||    93
